Map: Deathaura LE

Players

FeEbLeNFraiL - Winner!

  • Race: Protoss Protoss
  • League: Master
  • Spawn Location: 11:00

DamageINC

  • Race: Zerg Zerg
  • League: Diamond
  • Spawn Location: 5:00

VOD

Have the link to the VOD?

Description

Time

  • Played on: Sept. 27, 2020, 5:50 p.m.
  • Length: 20:15
Show
View Real Time Build Order
Export as new Build Order

FeEbLeNFraiL Protoss - Winner!

Build Orders: Oracle Opening, Carriers 

Get SALT Encoding   

  12  0:07  Probe  
  13  0:19  Probe  
  14  0:28  Pylon  
  14  0:34  Probe (Chrono Boost)  
  15  0:47  Probe (Chrono Boost)  
  16  0:58  Gateway  
  16  0:59  Assimilator  
  17  1:04  Probe  
  17  1:16  Probe  
  18  1:48  Pylon  
  18  1:49  Pylon  
  18  1:51  Pylon  
  18  1:53  Pylon  
  18  1:54  Pylon  
  18  1:59  Cybernetics Core  
  18  2:11  Zealot  
  18  2:14  Nexus  
  18  2:17  Pylon  
  20  2:23  Assimilator  
  20  2:24  Probe (Chrono Boost)  
  20  2:26  Pylon  
  21  2:33  Adept  
  21  2:34  Probe (Chrono Boost)  
  22  2:40  Warp Gate  
  24  2:45  Gateway  
  24  2:49  Probe  
  25  3:03  Gateway  
  25  3:07  Stargate  
  25  3:16  Probe (Chrono Boost)  
  26  3:20  Adept  
  29  3:28  Probe (Chrono Boost)  
  29  3:32  Probe (Chrono Boost)  
  29  3:33  Adept  
  32  3:34  Probe (Chrono Boost)  
  32  3:39  Probe  
  34  3:42  Probe  
  34  3:47  Oracle (Chrono Boost)  
  38  3:59  Probe x2  
  40  4:04  Assimilator  
  40  4:06  Assimilator  
  40  4:14  Oracle (Chrono Boost)  
  43  4:18  Probe x2  
  43  4:24  Pylon  
  45  4:39  Probe  
  45  4:40  Probe  
  41  4:53  Oracle (Chrono Boost)  
  41  4:54  Stargate  
  44  5:03  Adept  
  44  5:04  Adept  
  44  5:05  Adept  
  44  5:06  Probe x2  
  52  5:24  Pylon, Nexus  
  52  5:40  Fleet Beacon  
  52  5:41  Probe x2  
  45  6:26  Forge  
  45  6:28  Pylon, Probe x2  
  45  6:29  Pylon  
  47  6:37  Carrier x2 (Chrono Boost)  
  47  6:45  Protoss Air Weapons Level 1 (Chrono Boost), Probe (Chrono Boost)  
  47  6:46  Probe x2 (Chrono Boost)  
  62  6:57  Probe (Chrono Boost)  
  62  7:00  Twilight Council  
  64  7:02  Stargate  
  64  7:03  Probe (Chrono Boost)  
  64  7:11  Assimilator  
  64  7:14  Photon Cannon, Assimilator  
  64  7:15  Photon Cannon  
  64  7:17  Photon Cannon  
  64  7:19  Probe  
  64  7:20  Probe  
  66  7:32  Zealot  
  74  7:42  Charge (Chrono Boost)  
  74  7:44  Carrier (Chrono Boost)  
  74  7:56  Phoenix (Chrono Boost)  
  76  8:12  Pylon  
  76  8:14  Photon Cannon  
  76  8:15  Photon Cannon  
  76  8:17  Shield Battery  
  76  8:18  Shield Battery  
  76  8:39  Dark Shrine  
  76  8:43  Carrier (Chrono Boost)  
  76  8:44  Protoss Air Weapons Level 2 (Chrono Boost)  
  82  8:49  Pylon  
  82  8:53  Probe x3  
  82  9:16  Carrier (Chrono Boost)  
  93  9:25  Carrier (Chrono Boost)  
  93  9:33  Probe  
  93  9:34  Probe x2  
  96  9:50  Nexus  
  96  9:51  Pylon  
  102  9:53  Pylon  
  102  9:54  Zealot x2  
  102  9:55  Pylon, Zealot  
  102  9:56  Pylon  
  102  9:57  Carrier (Chrono Boost)  
  102  9:59  Gateway  
  108  10:00  Gateway  
  108  10:01  Probe x3  
  111  10:20  Photon Cannon  
  111  10:22  Photon Cannon  
  111  10:24  Pylon, Photon Cannon  
  111  10:25  Dark Templar  
  111  10:26  Dark Templar  
  111  10:27  Dark Templar  
  111  10:55  Mothership (Chrono Boost)  
  111  11:00  Nexus  
  111  11:02  Pylon  
  119  11:04  Pylon  
  119  11:20  Dark Templar  
  119  11:21  Dark Templar  
  123  11:31  Zealot x3  
  120  11:50  Fleet Beacon  
  118  11:58  Photon Cannon  
  118  12:00  Photon Cannon  
  115  12:03  Photon Cannon  
  115  12:05  Photon Cannon  
  115  12:06  Photon Cannon  
  115  12:08  Photon Cannon  
  115  12:11  Dark Templar  
  115  12:28  Assimilator  
  115  12:37  Zealot  
  115  12:38  Zealot x3  
  115  12:40  Probe (Chrono Boost)  
  115  12:41  Protoss Air Armor Level 1 (Chrono Boost)  
  115  12:42  Probe (Chrono Boost)  
  115  12:43  Probe x2 (Chrono Boost)  
  126  12:51  Probe (Chrono Boost)  
  126  13:02  Assimilator  
  126  13:06  Assimilator  
  126  13:07  Dark Templar x2  
  130  13:13  Zealot x2  
  130  13:14  Zealot  
  130  13:16  Probe x4  
  140  13:28  Gateway  
  140  13:29  Gateway  
  140  13:32  Gateway  
  140  13:36  Dark Templar x2  
  140  13:38  Zealot  
  140  13:39  Zealot x2  
  140  13:41  Archon  
  150  13:45  Void Ray x2  
  142  14:00  Zealot x3  
  148  14:07  Archon  
  148  14:11  Carrier  
  148  14:15  Zealot x2  
  158  14:22  Gateway  
  158  14:23  Gateway  
  158  14:26  Gateway  
  158  14:32  Gateway  
  158  14:33  Photon Cannon  
  158  14:35  Photon Cannon  
  140  14:38  Photon Cannon  
  136  14:47  Carrier  
  134  14:56  Zealot  
  134  14:57  Zealot x3  
  134  14:58  Zealot x2  
  138  15:08  Carrier  
  144  15:20  Carrier  
  150  15:21  Zealot  
  150  15:22  Zealot x3  
  150  15:23  Zealot x2  
  146  15:45  Void Ray  
  138  16:00  Zealot x5  
  138  16:01  Zealot x2  
  144  16:08  Void Ray (Chrono Boost)  
  136  16:22  Void Ray (Chrono Boost)  
  136  16:24  Zealot x2  
  136  16:25  Void Ray (Chrono Boost), Zealot x3  
  142  16:26  Zealot  
  150  16:37  Zealot x2  
  150  16:50  Dark Templar x2  
  154  16:58  Void Ray (Chrono Boost)  
  154  16:59  Void Ray (Chrono Boost)  
  154  17:00  Zealot x2  
  154  17:01  Zealot x3  
  164  17:02  Zealot  
  168  17:21  Stalker x2  
  168  17:22  Stalker x2  
  175  17:31  Zealot x3  
  175  17:32  Zealot  
  179  18:02  Pylon  
  179  18:04  Pylon  
  179  18:06  Pylon x2  
  179  18:10  Pylon  
  179  18:11  Void Ray x2  
  177  18:17  Void Ray  
  147  18:32  Zealot x3  
  147  18:33  Zealot x2  
  129  18:47  Void Ray (Chrono Boost), Dark Templar x2  
  129  18:48  Void Ray (Chrono Boost), Zealot  
  129  18:54  Archon  
  129  18:55  Zealot x2  
  139  18:56  Zealot  
  139  18:58  Archon  
  143  19:17  Dark Templar x2  
  143  19:21  Zealot x2  
  143  19:22  Zealot x3  
  157  19:39  Zealot  
  157  19:42  Zealot x4  
  157  19:43  Zealot  
  123  20:07  Dark Templar  
  123  20:08  Dark Templar  
Show
View Real Time Build Order
Export as new Build Order

DamageINC Zerg 

Build Orders: Hatch First 

Get SALT Encoding   

  12  0:00  Drone  
  13  0:12  Overlord  
  13  0:17  Drone  
  14  0:30  Drone  
  14  0:31  Drone  
  16  0:49  Hatchery  
  15  0:52  Drone  
  15  0:56  Drone  
  17  1:03  Extractor  
  16  1:14  Spawning Pool  
  16  1:16  Drone  
  16  1:19  Drone  
  17  1:26  Drone  
  17  1:28  Drone  
  19  1:38  Overlord  
  19  2:03  Spine Crawler  
  18  2:13  Queen x2  
  22  2:23  Drone x2  
  22  2:24  Drone  
  22  2:29  Metabolic Boost  
  25  2:34  Drone  
  26  2:45  Drone  
  26  2:46  Drone x3  
  26  2:48  Drone  
  31  2:53  Overlord  
  31  3:03  Drone  
  31  3:05  Drone  
  33  3:07  Overlord  
  33  3:12  Drone  
  34  3:18  Zergling x2  
  35  3:31  Drone x2  
  37  3:34  Zergling x2  
  37  3:36  Queen  
  37  3:40  Spore Crawler  
  37  3:41  Hatchery  
  38  3:43  Spore Crawler  
  38  3:44  Drone  
  38  3:51  Zergling x2  
  39  3:57  Drone x3  
  39  3:59  Overlord  
  42  4:04  Baneling Nest  
  42  4:06  Roach Warren  
  42  4:08  Drone  
  42  4:09  Drone  
  41  4:24  Zergling x6  
  44  4:35  Drone x2  
  44  4:36  Extractor  
  45  4:42  Evolution Chamber  
  43  4:53  Evolution Chamber  
  43  5:00  Drone x3  
  43  5:01  Drone  
  46  5:07  Drone  
  46  5:08  Drone x6  
  46  5:13  Lair  
  53  5:18  Zerg Ground Armor Level 1  
  53  5:19  Zerg Missile Weapons Level 1  
  53  5:22  Drone  
  53  5:23  Drone x2  
  53  5:24  Evolution Chamber  
  53  5:25  Extractor  
  53  5:26  Extractor  
  53  5:33  Drone x6  
  53  5:34  Drone  
  60  5:36  Spore Crawler  
  60  5:38  Drone x3  
  60  5:39  Drone x2  
  64  5:55  Zerg Melee Weapons Level 1  
  56  6:16  Drone x2  
  56  6:17  Drone x3  
  55  6:22  Glial Reconstitution  
  55  6:25  Hydralisk Den  
  55  6:32  Spore Crawler  
  53  6:38  Spore Crawler  
  53  6:40  Drone  
  53  6:41  Drone x11  
  53  6:44  Overseer  
  65  6:53  Overlord x4  
  65  7:08  Overlord x2  
  65  7:10  Centrifical Hooks  
  65  7:11  Queen  
  65  7:14  Zergling x2  
  65  7:15  Roach, Zergling x10  
  75  7:16  Roach x3  
  75  7:17  Hatchery  
  80  7:31  Extractor  
  80  7:33  Extractor  
  80  7:34  Grooved Spines  
  80  7:35  Hydralisk x7  
  92  7:39  Roach  
  92  7:40  Roach  
  96  7:56  Zerg Melee Weapons Level 2, Zerg Missile Weapons Level 2  
  96  8:07  Spine Crawler, Drone x7  
  96  8:08  Drone  
  96  8:12  Zergling x12  
  106  8:28  Hydralisk x3  
  106  8:29  Hydralisk x3  
  118  8:37  Spire, Infestation Pit  
  116  8:44  Baneling x5  
  116  8:45  Baneling  
  116  8:46  Hydralisk  
  118  8:52  Drone  
  118  8:53  Overlord x3  
  118  8:54  Overlord  
  119  9:04  Muscular Augments  
  119  9:07  Extractor  
  119  9:08  Spore Crawler  
  119  9:09  Extractor  
  116  9:41  Drone x8  
  116  9:42  Drone x3  
  116  9:43  Zergling x20  
  116  9:44  Zergling x2  
  138  10:08  Spine Crawler  
  137  10:14  Nydus Network  
  137  10:19  Hive  
  136  10:21  Zerg Ground Armor Level 2  
  136  10:23  Corruptor x2  
  136  10:24  Corruptor x2  
  143  10:39  Corruptor x4  
  143  10:40  Overlord  
  143  10:41  Overlord x3  
  151  10:44  Spore Crawler  
  151  10:45  Drone  
  151  10:47  Overlord x4  
  151  10:50  Pneumatized Carapace  
  151  10:53  Burrow  
  151  11:01  Drone  
  151  11:02  Drone x3  
  155  11:07  Zerg Flyer Weapons Level 1  
  155  11:10  Spire, Nydus Canal  
  152  11:40  Pathogen Glands  
  152  11:42  Adrenal Glands  
  152  11:45  Zerg Missile Weapons Level 3  
  152  11:46  Zerg Melee Weapons Level 3  
  130  11:57  Zergling x2  
  130  11:58  Zergling x12  
  134  12:06  Spine Crawler  
  129  12:14  Drone  
  129  12:15  Spine Crawler, Drone x8  
  137  12:19  Hydralisk  
  137  12:20  Hydralisk x10  
  159  12:33  Drone  
  159  12:34  Drone x2, Corruptor  
  164  12:42  Hatchery  
  163  12:51  Zerg Flyer Armor Level 1  
  163  12:55  Lurker Den, Spine Crawler  
  161  13:16  Hydralisk x2, Corruptor  
  161  13:17  Corruptor x8  
  183  13:21  Neural Parasite  
  183  13:27  Zerg Flyer Weapons Level 2  
  183  13:30  Queen  
  158  13:57  Viper x3  
  165  14:04  Zerg Ground Armor Level 3  
  165  14:12  Seismic Spines  
  165  14:17  Hydralisk  
  165  14:18  Infestor  
  165  14:23  Zergling x2  
  171  14:24  Zergling x24  
  171  14:29  Hatchery  
  131  14:53  Overseer x2  
  131  14:55  Hydralisk x13  
  131  14:56  Hydralisk x3  
  146  15:26  Corruptor x2  
  146  15:27  Corruptor x3  
  145  15:53  Overlord x4  
  137  16:01  Hatchery  
  133  16:04  Spine Crawler  
  133  16:06  Spine Crawler  
  133  16:07  Spine Crawler  
  130  16:24  Zergling x6  
  131  16:45  Hatchery  
  130  16:47  Corruptor  
  130  16:48  Corruptor x6  
  130  16:50  Overlord  
  130  16:54  Infestor  
  136  17:34  Spine Crawler  
  129  17:50  Hydralisk x5  
  134  17:52  Zergling x8  
  57  18:42  Overlord x2  
  57  18:43  Overlord x4  
  57  18:52  Lair  
  57  19:04  Spine Crawler, Queen  
  57  19:05  Spine Crawler  
  57  19:08  Drone x2  
  59  19:10  Hatchery  
  59  19:12  Lurker x3  
  61  19:34  Hydralisk x2  
  65  19:43  Hydralisk  
  67  19:46  Hydralisk x3  
Tags
 
Add a new tag
Caveats
  • Supply blocks, unpowered buildings, or Contaminate may cause inaccurate times.
  • Supply counts are checked every 10 seconds.